[Event "Team 45 45 League T39"]
[Site "Internet Chess Club"]
[Date "2008.11.16"]
[Round "4"]
[White "DrOMM"]
[Black "rgadoury"]
[Result "1/2-1/2"]
[WhiteElo "1239"]
[BlackElo "1256"]
[Opening "Caro-Kann: classical variation"]
[ECO "B18"]
[Time "15:30:26"]
[TimeControl "2700+45"]

1. e4 c6 2. d4 d5 3. Nd2 dxe4 4. Nxe4 Bf5 5. f3 e6 6. g4 Bxe4 7. fxe4 Qh4+ 8.
Kd2 Nf6 9. Qe1 Qxe1+ 10. Kxe1 Nxe4 11. Bd3 Nf6 12. g5 Nd5 13. a3 Bd6 14. Nf3 O-O
15. Ne5 Bxe5 16. dxe5 Nd7 17. c4 Nxe5 18. Be2 Nb6 19. b3 f6 20. Bf4 Ng6 21. Be3
Nd7 22. Rd1 Nde5 23. Rf1 f5 24. Rd6 Ng4 25. Bxg4 fxg4 26. Rxe6 Rxf1+ 27. Kxf1
Rf8+ 28. Ke1 a6 29. Re4 Rf3 30. Ke2 Rh3 31. Rxg4 Rxh2+ 32. Bf2 Rh3 33. Rg3 Rxg3
34. Bxg3 Kf7 35. Ke3 Ke6 36. Ke4 Ne7 37. Be5 g6 38. Bf6 Ng8 39. Bd4 h6 40. gxh6
Nxh6 41. Kf4 Nf7 42. Kg4 Ne5+ 43. Kf4 Nf7 44. Kg4 Ne5+ 45. Kf4 Nf7 {Game drawn
by repetition} 1/2-1/2

[Event "Team 45 45 League T39"]
[Site "Internet Chess Club"]
[Date "2008.11.15"]
[Round "4"]
[White "Manch"]
[Black "GadsHill"]
[Result "0-1"]
[WhiteElo "1516"]
[BlackElo "1538"]
[Opening "QGD: Cambridge Springs defense"]
[ECO "D52"]
[Time "15:15:59"]
[TimeControl "2700+45"]

1. d4 d5 2. c4 e6 3. Nc3 Nf6 4. Bg5 Nbd7 5. Nf3 c6 6. e3 Qa5 7. Bd3 dxc4 8. Bxc4
Ne4 9. Qc2 Nxg5 10. Nxg5 Qxg5 11. O-O Nf6 12. e4 Be7 13. f4 Qa5 14. Rae1 O-O 15.
h3 Rd8 16. Qd3 Rxd4 17. Qe2 Qc5 18. b3 Rxc4+ 19. Kh1 Rxc3 20. f5 e5 21. Kh2 b6
22. g4 Rc2 23. Rc1 Rxe2+ 24. Kh1 Rc2 25. Rce1 {White resigns} 0-1

[Event "Team 45 45 League T39"]
[Site "Internet Chess Club"]
[Date "2008.11.21"]
[Round "4"]
[White "IanT"]
[Black "Shazaam"]
[Result "0-1"]
[WhiteElo "1290"]
[BlackElo "1583"]
[Opening "Sicilian: Alapin's variation (2.c3)"]
[ECO "B22"]
[Time "19:58:29"]
[TimeControl "2700+45"]

1. e4 c5 2. c3 Nc6 3. d4 cxd4 4. cxd4 d6 5. Nf3 Nf6 6. Nc3 g6 7. Bc4 Bg7 8. Qb3
O-O 9. Be3 Na5 10. Qb4 Nxc4 11. Qxc4 Bg4 12. Qe2 Rc8 13. h3 Bd7 14. O-O a6 15.
Qd2 Re8 16. Bh6 Bh8 17. Qc2 b5 18. b4 Nxe4 19. Qb3 Rxc3 20. Qd5 Nf6 21. Qg5 Bxh3
22. Qg3 Bd7 23. Rfe1 Bc6 24. Rac1 Rxc1 25. Rxc1 Qd7 26. Ng5 Ng4 27. Qh4 Bf6 28.
Rc3 Qf5 29. Rc1 Nxh6 30. Qxh6 Bxg5 {White resigns} 0-1

[Event "Team 45 45 League T39"]
[Site "Internet Chess Club"]
[Date "2008.11.13"]
[Round "4"]
[White "cobra2008"]
[Black "bjc"]
[Result "0-1"]
[WhiteElo "1333"]
[BlackElo "1327"]
[Opening "Sicilian defense"]
[ECO "B30"]
[Time "21:04:51"]
[TimeControl "2700+45"]

1. e4 c5 2. Nf3 Nc6 3. Bc4 g6 4. Ng5 e6 5. d3 Bg7 6. c3 Nf6 7. Be3 Ne5 8. Bxc5
Nfg4 9. Nf3 Nxc4 10. dxc4 Qc7 11. Qd6 Qxd6 12. Bxd6 b6 13. Na3 Bb7 14. Nb5 Rc8
15. Nc7+ Kd8 16. h3 Nf6 17. Ne5 Rxc7 18. Bxc7+ Kxc7 19. f3 Rf8 20. O-O-O Nh5 21.
Ng4 Nf4 22. g3 Ne2+ 23. Kc2 Nxg3 24. Rhe1 f5 25. exf5 Rxf5 26. Nh2 Nh5 27. Rf1
Be5 28. Ng4 Bf4 29. b4 Ba6 30. b5 Bb7 31. a4 a5 32. bxa6 Bxa6 33. Rd4 Ng3 34.
Rfd1 d6 35. Kb3 Ne2 36. Re4 Ng3 37. Rxe6 Rc5 38. Re7+ Kc6 39. Nf6 Bxc4+ 40. Kb4
Be2 41. Ra1 Be5 42. Ne4 Nxe4 43. fxe4 Bxc3+ 44. Ka3 Bxa1 45. Rxh7 Rc3+ 46. Ka2
Rc1 47. Rh6 Bd4 48. Rxg6 Bc4+ 49. Ka3 Ra1+ 50. Kb4 Bf7 51. Rg3 Bc5+ 52. Kc3 Ra3+
53. Kd2 Rxg3 54. h4 Rh3 55. h5 Bxh5 56. Kc2 Bg6 57. Kb2 Bxe4 58. Kc1 d5 59. Kd2
d4 60. Ke2 d3+ 61. Kd2 Be3+ 62. Kc3 d2 63. a5 d1=Q 64. a6 Bd4+ 65. Kc4 Rc3+ 66.
Kb4 Qb3# {White checkmated} 0-1

[Event "Team 45 45 League T39"]
[Site "Internet Chess Club"]
[Date "2008.11.14"]
[Round "4"]
[White "KingsGrace"]
[Black "Check101"]
[Result "0-1"]
[WhiteElo "1234"]
[BlackElo "1132"]
[Opening "Queen's pawn game"]
[ECO "D00"]
[Time "12:00:07"]
[TimeControl "2700+45"]

1. d4 d5 2. e3 c5 3. Bd3 Nc6 4. c4 dxc4 5. Bxc4 Bf5 6. Nf3 Bg4 7. O-O Nf6 8. h3
Bxf3 9. Qxf3 e5 10. Re1 Be7 11. Nc3 O-O 12. b3 exd4 13. Rd1 Ne5 14. Qe4 Nxe4 15.
Nxe4 Qc7 16. f4 Nd7 17. Bb2 Nf6 18. Ng5 dxe3 19. Be5 Qc6 20. Re1 b5 21. Bd3 Rad8
22. Rxe3 h6 23. Bxf6 Bxf6 24. Nh7 Rfe8 25. Rg3 Bd4+ 26. Kh2 Bxa1 27. Bc2 g6 28.
f5 Kxh7 29. fxg6+ fxg6 30. Bxg6+ Qxg6 {White resigns} 0-1

[Event "Team 45 45 League T39"]
[Site "Internet Chess Club"]
[Date "2008.11.17"]
[Round "4"]
[White "MiroslavR"]
[Black "Solfege"]
[Result "1/2-1/2"]
[WhiteElo "1868"]
[BlackElo "1917"]
[Opening "Queen's pawn: Keres defense"]
[ECO "A40"]
[Time "14:00:19"]
[TimeControl "2700+45"]

1. d4 e6 2. c4 b6 3. Nc3 Bb7 4. e4 Bb4 5. Bd3 f5 6. Qh5+ g6 7. Qe2 Nf6 8. Bg5
O-O 9. f3 Qe7 10. a3 Bxc3+ 11. bxc3 Qg7 12. Nh3 fxe4 13. fxe4 e5 14. O-O Nc6 15.
d5 Na5 16. Nf2 Nb3 17. Rab1 Nc5 18. Qd2 Qe7 19. Rbe1 Nb3 20. Qb2 Nc5 21. Qd2
Nxd3 22. Nxd3 a5 23. Rf3 Qd6 24. Bh6 Rf7 25. Qg5 Re8 26. Qh4 Nh5 27. Rxf7 Kxf7
28. Rf1+ Kg8 29. Qf2 Qe7 30. g4 Nf4 31. Nxf4 exf4 32. Qxf4 d6 33. h4 Ba6 34. Bg5
Qd7 35. h5 Bxc4 36. Rf3 Be2 37. Rf2 Qxg4+ 38. Qxg4 Bxg4 39. hxg6 hxg6 40. Rf4
Bd1 41. Kf2 Bc2 42. Ke3 b5 43. Kd4 Bb3 44. Rf2 a4 45. Rf6 Kg7 46. Rf2 Rc8 47.
Bf6+ Kg8 48. e5 dxe5+ 49. Kxe5 Bc4 50. Kd4 c6 51. d6 c5+ 52. Ke5 Re8+ 53. Be7
Kg7 54. Rf6 Bb3 55. Rf4 Ba2 56. Rf2 Bb3 57. Ke4 Be6 58. Ke5 Bd7 59. Kd5 c4 60.
Kc5 Kg8 61. Kb6 Rc8 62. Rf6 Kg7 63. Rf2 Kg8 64. Rf6 Kg7 65. Rf2 Kg8 {Game drawn
by repetition} 1/2-1/2

[Event "Team 45 45 League T39"]
[Site "Internet Chess Club"]
[Date "2008.11.15"]
[Round "4"]
[White "Rainbird"]
[Black "gagdad"]
[Result "1/2-1/2"]
[WhiteElo "1820"]
[BlackElo "1782"]
[Opening "English: Anglo-Dutch defense"]
[ECO "A10"]
[Time "14:14:43"]
[TimeControl "2700+45"]

1. c4 f5 2. g3 Nf6 3. Bg2 g6 4. Nc3 Bg7 5. d3 O-O 6. e4 d6 7. Nge2 Qe8 8. O-O e5
9. exf5 Bxf5 10. Bxb7 Nbd7 11. Bxa8 Qxa8 12. f3 Bh3 13. Rf2 Nc5 14. Be3 e4 15.
fxe4 Nfxe4 16. Rxf8+ Qxf8 17. Nxe4 Qf3 18. Nf4 Qxe3+ {Game drawn by mutual
agreement} 1/2-1/2

[Event "Team 45 45 League T39"]
[Site "Internet Chess Club"]
[Date "2008.11.17"]
[Round "4"]
[White "parrot9"]
[Black "RealChosenOne"]
[Result "0-1"]
[WhiteElo "1701"]
[BlackElo "1810"]
[Opening "Nimzo-Indian: Kmoch variation"]
[ECO "E20"]
[Time "14:56:59"]
[TimeControl "2700+45"]

1. d4 Nf6 2. c4 e6 3. Nc3 Bb4 4. f3 d5 5. a3 Bxc3+ 6. bxc3 O-O 7. Qc2 dxc4 8. e4
b5 9. a4 c6 10. Bg5 h6 11. Bh4 g5 12. Bf2 Nbd7 13. h4 Kg7 14. e5 Nd5 15. Ne2 Rh8
16. Ng3 f5 17. exf6+ N7xf6 18. Ne4 Nxe4 19. fxe4 Nf6 20. Be2 Qe8 21. Bg3 Qg6 22.
Be5 Rf8 23. hxg5 Qxg5 24. Rh3 Kh7 25. Rg3 Qh4 26. Bf3 Nd7 27. Bd6 Rg8 28. e5+
Kh8 29. O-O-O Qf4+ 30. Kb2 Rxg3 31. Bxc6 Nb6 32. Bxa8 Nxa4+ 33. Ka1 Rxc3 34. Qg6
Rc1+ 35. Rxc1 Qxc1+ 36. Qb1 Qc3+ 37. Ka2 Qxd4 38. Qc1 Qf2+ 39. Ka1 Qh4 40. Be7
Qxe7 41. Qxh6+ Kg8 42. Qg6+ Kf8 43. Qh6+ Ke8 44. Bc6+ Kd8 45. Qd2+ Kc7 46. Bxb5
Qa3+ 47. Kb1 Nc3+ {White resigns} 0-1

[Event "Team 45 45 League T39"]
[Site "Internet Chess Club"]
[Date "2008.11.17"]
[Round "4"]
[White "Lionskins"]
[Black "Russellovich"]
[Result "0-1"]
[WhiteElo "1626"]
[BlackElo "1755"]
[Opening "English: symmetrical, four knights system"]
[ECO "A30"]
[Time "11:19:57"]
[TimeControl "2700+45"]

1. Nf3 Nf6 2. c4 c5 3. Nc3 Nc6 4. e3 d5 5. cxd5 Nxd5 6. a3 g6 7. Qb3 Nb6 8. Ng5
Ne5 9. Bb5+ Bd7 10. Bxd7+ Qxd7 11. Qb5 Nd3+ 12. Ke2 Nxc1+ 13. Raxc1 Bg7 14.
Qxd7+ Nxd7 15. Nge4 O-O 16. Rc2 f5 17. Ng5 Rf6 18. Nd5 Rff8 19. Nxe7+ Kh8 20.
Nd5 Rae8 21. Nc7 Re7 22. Nce6 Rfe8 23. Nxg7 Kxg7 24. h4 h6 25. Nh3 b6 26. b4
cxb4 27. axb4 a5 28. bxa5 bxa5 29. Ra1 Ra8 30. Rc6 Ne5 31. Rc5 a4 32. Nf4 a3 33.
Nd5 Rb7 34. Nc7 Raa7 35. Nb5 Nd7 36. Nxa7 Nxc5 37. Rxa3 Rb2 38. Rc3 Nb3 39. Rd3
Nc1+ 40. Kd1 Nxd3 41. Ke2 Nc1+ 42. Kd1 Nb3 43. Nc6 Rxd2+ 44. Ke1 Rc2 45. Ne5 Nc5
46. Kf1 Ne4 47. Nd3 Rd2 48. f3 Rxd3 49. fxe4 Rxe3 50. exf5 gxf5 51. Kf2 Re4 52.
g3 Kg6 53. Kf3 Kh5 {White resigns} 0-1

[Event "Team 45 45 League T39"]
[Site "Internet Chess Club"]
[Date "2008.11.16"]
[Round "4"]
[White "fishhead"]
[Black "giltar"]
[Result "0-1"]
[WhiteElo "1862"]
[BlackElo "1830"]
[Opening "Caro-Kann: two knights, 3...Bg4"]
[ECO "B10"]
[Time "15:00:07"]
[TimeControl "2700+45"]

1. e4 c6 2. Nf3 d5 3. Nc3 Bg4 4. h3 Bxf3 5. Qxf3 Nf6 6. e5 Nfd7 7. d4 e6 8. Ne2
c5 9. c3 Nc6 10. a3 Qb6 11. Qd3 Rc8 12. b4 cxd4 13. cxd4 a5 14. b5 Na7 15. Rb1
Qc7 16. Nf4 Nb6 17. Be2 Qc3+ 18. Qxc3 Rxc3 19. Kd2 Rc7 20. Rb3 Be7 21. Bd3 O-O
22. Ke2 Rfc8 23. Bd2 a4 24. Rbb1 Re8 25. Ba5 Nac8 26. Rhc1 Rxc1 27. Rxc1 Bxa3
28. Rc7 Re7 29. Rc2 Rd7 30. Kd2 Be7 31. Ne2 Bd8 32. Bb4 Rc7 33. Rxc7 Bxc7 34.
Nc3 f6 35. f4 fxe5 36. fxe5 Bd8 37. Bc2 Nc4+ 38. Ke2 a3 39. Bb3 Ba5 40. Bxa5
Nxa5 41. Ba2 Nb6 42. Nb1 Nac4 43. Kd3 Kf7 44. Kc3 Kg6 45. Kd3 Kg5 46. g3 h5 47.
Ke2 h4 48. Kf3 hxg3 49. Kxg3 Ne3 50. h4+ Kh5 51. Nxa3 Nf5+ 52. Kf4 Nxd4 53. Bb1
Kxh4 54. Bg6 Nd7 55. Bf7 g5+ 56. Ke3 Nf5+ 57. Kf2 Nc5 58. Nc2 Nh6 59. Be8 Nd3+
60. Kg2 Nxe5 61. Nd4 Nf5 62. Nxe6 Nd6 63. Nc7 Nxe8 64. Nxe8 d4 65. Nd6 d3 66.
Ne4 Kg4 67. Nd2 Kf4 68. Kf2 g4 69. b6 g3+ 70. Kg2 Ng4 71. Nc4 Ne3+ 72. Kg1 Nxc4
{White resigns} 0-1

[Event "Team 45 45 League T39"]
[Site "Internet Chess Club"]
[Date "2008.11.15"]
[Round "4"]
[White "mfeatherston"]
[Black "kabindra"]
[Result "1-0"]
[WhiteElo "1832"]
[BlackElo "1739"]
[Opening "Scotch gambit: Dubois-Réti defense"]
[ECO "C55"]
[Time "14:30:11"]
[TimeControl "2700+45"]

1. e4 e5 2. Nf3 Nc6 3. d4 exd4 4. Bc4 Nf6 5. e5 d5 6. Bb5 Ne4 7. Nxd4 Bc5 8. Be3
O-O 9. Nxc6 bxc6 10. Bxc5 Nxc5 11. Bxc6 Ba6 12. Nc3 Rb8 13. Qxd5 Qe7 14. O-O-O
Ne6 15. Qa5 Rb6 16. Nd5 Qg5+ 17. f4 Nxf4 18. Nxb6 Be2 19. Nd7 Bxd1 20. Nxf8 Nd3+
21. Kxd1 Nf2+ 22. Ke2 Nxh1 23. Qxc7 Qh4 24. Nd7 Qc4+ 25. Ke3 {Black resigns} 1-0

[Event "Team 45 45 League T39"]
[Site "Internet Chess Club"]
[Date "2008.11.16"]
[Round "4"]
[White "CREDITorDEBIT"]
[Black "Fuzzie"]
[Result "1-0"]
[WhiteElo "1683"]
[BlackElo "1805"]
[Opening "Pirc: Holmov system"]
[ECO "B07"]
[Time "14:00:07"]
[TimeControl "2700+45"]

1. e4 d6 2. d4 Nf6 3. Nc3 g6 4. Bc4 Bg7 5. f3 Nc6 6. Be3 e5 7. Nge2 O-O 8. Qd2
a6 9. O-O-O b5 10. Bb3 Na5 11. dxe5 Nxb3+ 12. cxb3 Ne8 13. Bg5 Qd7 14. exd6 Nxd6
15. Bh6 Qe6 16. Bxg7 Kxg7 17. Nd4 Qe8 18. Nd5 Bb7 19. Nf5+ Nxf5 20. exf5 Bxd5
21. Qxd5 Qe3+ 22. Qd2 Qc5+ 23. Qc3+ Qxc3+ 24. bxc3 Rfd8 25. fxg6 hxg6 26. Rxd8
Rxd8 27. Rd1 Rxd1+ 28. Kxd1 Kf6 29. Kd2 Ke5 30. Ke3 c5 31. h4 a5 32. g4 a4 33.
bxa4 bxa4 34. h5 gxh5 35. gxh5 Kf5 36. h6 Kg6 37. Ke4 Kxh6 38. Kd5 Kg6 39. Kxc5
Kf5 40. Kd5 Kf4 41. c4 Kxf3 42. c5 f5 43. c6 f4 44. c7 Kg2 45. c8=Q f3 46. Qg4+
Kf2 47. Ke4 {Black resigns} 1-0

[Event "Team 45 45 League T39"]
[Site "Internet Chess Club"]
[Date "2008.11.12"]
[Round "4"]
[White "Grenadier"]
[Black "Mater"]
[Result "0-1"]
[WhiteElo "1689"]
[BlackElo "1721"]
[Opening "Sicilian"]
[ECO "B50"]
[Time "19:58:26"]
[TimeControl "2700+45"]

1. e4 c5 2. Nf3 d6 3. c3 Nf6 4. Be2 g6 5. d3 Bg7 6. Bf4 O-O 7. Nbd2 Nc6 8. Qc2
a6 9. O-O b5 10. e5 Nh5 11. Be3 Nxe5 12. Nxe5 Bxe5 13. Bh6 Ng7 14. Rad1 d5 15.
Rfe1 e6 16. Nf3 Bc7 17. Qd2 e5 18. h3 Bb7 19. Nh2 Qd6 20. g3 Rfe8 21. Ng4 Nf5
22. Bg5 Re6 23. Nh6+ Nxh6 24. Bxh6 d4 25. cxd4 Qd5 26. f3 exd4 27. Qg5 Rae8 28.
Qxd5 Bxd5 29. Kf2 Bxa2 30. Rc1 Bb6 31. Ra1 Bd5 32. Rxa6 Bb7 33. Raa1 c4 34. dxc4
d3+ 35. Kf1 Rxe2 36. Rxe2 Rxe2 37. c5 Bxc5 38. b4 Bd4 39. Rc1 Bb6 40. Rd1 Rf2+
41. Ke1 Rxf3 {White resigns} 0-1

[Event "Team 45 45 League T39"]
[Site "Internet Chess Club"]
[Date "2008.11.17"]
[Round "4"]
[White "jorobo"]
[Black "therealwizard"]
[Result "0-1"]
[WhiteElo "2143"]
[BlackElo "2194"]
[Opening "QGD Slav: Dutch variation, main line"]
[ECO "D19"]
[Time "19:07:49"]
[TimeControl "2700+45"]

1. c4 c6 2. Nc3 d5 3. d4 Nf6 4. Nf3 dxc4 5. a4 Bf5 6. e3 e6 7. Bxc4 Bb4 8. O-O
O-O 9. Qe2 Bg6 10. Ne5 Nbd7 11. Nxg6 hxg6 12. e4 Nb6 13. e5 Qxd4 14. exf6 Qxc4
15. fxg7 Kxg7 16. Qe5+ f6 17. Qg3 Bxc3 18. bxc3 Nxa4 19. Rd1 Rf7 20. Qe3 b5 21.
Qh6+ Kg8 22. Qxg6+ Rg7 23. Qxf6 Rxg2+ 24. Kxg2 Qg4+ 25. Kf1 Qxd1+ 26. Kg2 Qg4+
27. Kf1 Rf8 28. Qh6 Qd1+ 29. Kg2 Qf3+ 30. Kg1 Qxf2+ 31. Kh1 Qf1# {White
checkmated} 0-1

[Event "Team 45 45 League T39"]
[Site "Internet Chess Club"]
[Date "2008.11.17"]
[Round "4"]
[White "decox"]
[Black "chsrules88"]
[Result "1/2-1/2"]
[WhiteElo "1944"]
[BlackElo "2011"]
[Opening "Ruy Lopez: closed, Chigorin, 12...c5d4"]
[ECO "C96"]
[Time "22:00:14"]
[TimeControl "2700+45"]

1. e4 e5 2. Nf3 Nc6 3. Bb5 a6 4. Ba4 Nf6 5. O-O b5 6. Bb3 Be7 7. Re1 O-O 8. h3
d6 9. c3 Na5 10. Bc2 c5 11. d4 cxd4 12. cxd4 Qc7 13. Nbd2 Bd7 14. Nf1 Rac8 15.
Ne3 Nc6 16. d5 Nb4 17. Bb1 a5 18. Bd2 Na6 19. Nh2 Nc5 20. Qf3 g6 21. Neg4 Nxg4
22. Nxg4 Bxg4 23. Qxg4 b4 24. Bh6 Rfe8 25. h4 Na4 26. Bd3 Qb6 27. Be3 Qb7 28.
Qe2 Red8 29. Ba6 Qb8 30. Bxc8 Rxc8 31. g3 Nc5 32. Bxc5 Rxc5 33. Rac1 Qc8 34. Qd2
Rc4 35. b3 Rxc1 36. Rxc1 Qg4 37. Qh6 Bf8 38. Qg5 Qd7 39. Rc6 Be7 40. Qc1 Qg4 41.
Qh6 Bf8 42. Qe3 f5 43. exf5 Qxf5 44. Kg2 Qf7 45. Qf3 Qd7 46. Qf6 Be7 47. Qe6+
Qxe6 48. dxe6 Kg7 49. Rc7 Kf6 50. Ra7 Kxe6 51. Rxa5 d5 52. g4 Bxh4 53. Ra6+ Kf7
54. Rb6 Be7 55. Rb7 Ke6 56. f3 h5 57. gxh5 gxh5 58. f4 exf4 59. Kf3 Bd6 60. Rh7
Ke5 61. Rxh5+ Kd4 62. Rf5 Bc7 63. Rf6 Be5 64. Rc6 Kd3 65. Rc5 Kd4 66. Ra5 Bc7
67. Ra6 Be5 68. a4 bxa3 69. Rxa3 Bd6 70. Ra6 Bb4 71. Rc6 Bd2 72. Rc8 Kd3 73. Rc5
Kd4 74. Rc2 Kd3 75. Rc8 d4 76. Rc4 Bc3 77. Kxf4 Kc2 78. b4 d3 79. Rc7 Kb3 80. b5
d2 81. Rd7 Kc4 82. Rxd2 Bxd2+ 83. Ke4 Kxb5 {Game drawn because neither player
has mating material} 1/2-1/2

[Event "Team 45 45 League T39"]
[Site "Internet Chess Club"]
[Date "2008.11.18"]
[Round "4"]
[White "lele"]
[Black "MrShaw"]
[Result "1-0"]
[WhiteElo "2135"]
[BlackElo "1905"]
[Opening "King's Indian, 3.Nf3"]
[ECO "E61"]
[Time "14:16:04"]
[TimeControl "2700+45"]

1. d4 Nf6 2. Nf3 g6 3. c4 Bg7 4. Nc3 O-O 5. Bg5 d6 6. e3 Bg4 7. h3 Bf5 8. Bd3
Bxd3 9. Qxd3 Nbd7 10. O-O e5 11. dxe5 dxe5 12. Rad1 Qe8 13. Qc2 c6 14. Rd6 h6
15. Bh4 g5 16. Bg3 Nh5 17. Rfd1 Rd8 18. Qf5 Nxg3 19. fxg3 g4 20. hxg4 e4 21.
Nxe4 {Black resigns} 1-0

[Event "Team 45 45 League T39"]
[Site "Internet Chess Club"]
[Date "2008.11.16"]
[Round "4"]
[White "ChronoKnight"]
[Black "trucazzo"]
[Result "1-0"]
[WhiteElo "2035"]
[BlackElo "2038"]
[Opening "Scandinavian (center counter) defense"]
[ECO "B01"]
[Time "16:53:50"]
[TimeControl "2700+45"]

1. e4 d5 2. exd5 Qxd5 3. Nc3 Qd8 4. d4 Nf6 5. Nf3 c6 6. Bc4 Bf5 7. Ne5 e6 8. g4
Bg6 9. h4 Bb4 10. f3 Nd5 11. Bxd5 cxd5 12. h5 f6 13. hxg6 fxe5 14. gxh7 Nc6 15.
a3 Ba5 16. b4 exd4 17. Ne2 Bb6 18. f4 Qf6 19. g5 Qg6 20. Qd3 Qxd3 21. cxd3 Ne7
22. Bb2 Nf5 23. g6 Rc8 24. Kd2 Ke7 25. Rac1 Rxc1 26. Kxc1 Kf6 27. Rg1 Nh4 28.
Nxd4 Nxg6 29. Nxe6+ Kf7 30. Ng5+ Kf8 31. Rf1 d4 32. Kc2 Ke7 33. f5 Nf8 34. a4 a6
35. Kb3 Kf6 36. Ne4+ Ke5 37. Ng5 Kf6 38. Bc1 Bd8 39. Kc4 Nxh7 40. Rh1 Kxf5 41.
Rxh7 Rxh7 42. Nxh7 Be7 43. Kxd4 Kg6 44. Ng5 Bxg5 45. Bxg5 Kxg5 46. Ke5 Kh6 47.
d4 g5 48. Kf5 b6 49. d5 Kg7 50. Kxg5 Kf7 51. Kf5 Ke7 52. Ke5 b5 53. a5 Kd7 54.
d6 Kc6 55. Ke6 Kb7 56. d7 Kc7 57. Ke7 Kb7 58. d8=Q Ka7 59. Qb6+ Ka8 60. Qxa6+
Kb8 61. Qxb5+ Ka7 {Black resigns} 1-0

[Event "Team 45 45 League T39"]
[Site "Internet Chess Club"]
[Date "2008.11.16"]
[Round "4"]
[White "usc"]
[Black "LoseOften"]
[Result "0-1"]
[WhiteElo "1812"]
[BlackElo "1771"]
[Opening "Dutch with c4 & Nc3"]
[ECO "A85"]
[Time "15:00:32"]
[TimeControl "2700+45"]

1. c4 f5 2. d4 Nf6 3. Nc3 e6 4. Bf4 Bb4 5. a3 Bxc3+ 6. bxc3 b6 7. e3 Nc6 8. Bd3
Na5 9. Nf3 Ba6 10. Qe2 Qe7 11. O-O O-O 12. a4 d6 13. Nd2 e5 14. Bg3 e4 15. Bc2
d5 16. Rfb1 Bxc4 17. Nxc4 Nxc4 18. Bb3 Na5 19. Ba2 Rac8 20. Be5 Rfd8 21. h3 c5
22. Rb5 c4 23. Bb1 Nb3 24. Ra2 Nc1 25. Qb2 Nxa2 26. Bxa2 Nd7 27. Rxd5 Qf7 28.
Rb5 a6 29. Rb4 Nxe5 30. dxe5 Rd1+ 31. Kh2 Qd5 32. Qe2 b5 33. axb5 axb5 34. Rxb5
Qxb5 35. Qxd1 Qxe5+ 36. g3 Qe6 37. Qd4 Qc6 38. Qe5 Ra8 39. Bb1 Ra1 40. Qb8+ Kf7
41. Kg2 h6 42. Bc2 Rc1 43. Qb2 Re1 44. Bb1 Qd5 45. Ba2 Qd1 46. Bxc4+ Kg6 47.
Bf7+ Kxf7 48. Qb7+ Kg6 {White resigns} 0-1

[Event "Team 45 45 League T39"]
[Site "Internet Chess Club"]
[Date "2008.11.13"]
[Round "4"]
[White "rubo"]
[Black "rasdern"]
[Result "1-0"]
[WhiteElo "1759"]
[BlackElo "1665"]
[Opening "Bird's opening"]
[ECO "A03"]
[Time "21:08:36"]
[TimeControl "2700+45"]

1. f4 d5 2. Nf3 c5 3. e3 Nc6 4. Bb5 e6 5. Bxc6+ bxc6 6. O-O Ba6 7. d3 Nf6 8. Ne5
Qc7 9. b3 Rb8 10. c4 Bd6 11. Bb2 dxc4 12. dxc4 Ne4 13. Nd2 Nxd2 14. Qxd2 Ke7 15.
Rac1 Rhd8 16. Qc2 g6 17. Ng4 Kf8 18. Qc3 h5 19. Qg7+ Ke8 20. Qg8+ Bf8 21. Bg7
Kd7 22. Qxf7+ Kc8 23. Qxe6+ Kb7 24. Be5 Bd6 25. Nf6 Kb6 26. Rcd1 Bc8 27. Bxd6
Bxe6 28. Bxc7+ Kxc7 29. e4 Rf8 30. e5 a5 31. Ne4 a4 32. Nxc5 Bc8 33. Nxa4 {Black
resigns} 1-0

[Event "Team 45 45 League T39"]
[Site "Internet Chess Club"]
[Date "2008.11.17"]
[Round "4"]
[White "QueensCounselor"]
[Black "Hesperus"]
[Result "1-0"]
[WhiteElo "1923"]
[BlackElo "1973"]
[Opening "French: Steinitz variation"]
[ECO "C11"]
[Time "14:00:25"]
[TimeControl "2700+45"]

1. e4 e6 2. d4 d5 3. Nc3 Nf6 4. e5 Nfd7 5. Bd3 c5 6. Bb5 Nc6 7. Be3 cxd4 8. Bxd4
a6 9. Bxc6 bxc6 10. f4 c5 11. Bf2 Bb7 12. Nf3 Be7 13. O-O O-O 14. Qe2 Rb8 15.
Rab1 Kh8 16. Qd3 g6 17. Ne2 Qc7 18. Bh4 Bxh4 19. Nxh4 Qc6 20. Nf3 f6 21. exf6
Rxf6 22. c3 a5 23. Qe3 Kg7 24. Rbe1 Rbf8 25. Rf2 Ba6 26. Ned4 cxd4 27. Nxd4 Qd6
28. Nxe6+ Rxe6 29. Qxe6 Qxe6 30. Rxe6 Nc5 31. Rc6 Rc8 32. Rxc8 Bxc8 33. b4 Nd3
34. Rf3 Nc1 35. bxa5 Nxa2 36. Rd3 Bb7 37. c4 Nc1 38. Re3 Kf6 39. cxd5 Bxd5 40.
a6 Nb3 41. a7 Nd4 42. Re8 h5 43. a8=Q Bxa8 44. Rxa8 Ne2+ 45. Kf2 Nxf4 46. g3
Nd3+ 47. Ke2 Ne5 48. h3 Kg5 49. Ra5 Kf6 50. h4 Kf5 51. Ke3 Kf6 52. Ke4 Ng4 53.
Kf4 Nf2 54. Ra6+ Kg7 55. Ra2 Nh3+ 56. Ke5 g5 57. Rh2 g4 58. Rg2 Kg6 59. Ke6 Kg7
60. Kf5 Kh6 61. Kf6 Kh7 62. Ra2 Ng1 {Black resigns} 1-0

[Event "Team 45 45 League T39"]
[Site "Internet Chess Club"]
[Date "2008.11.16"]
[Round "4"]
[White "charles-allen"]
[Black "LoseOften"]
[Result "1-0"]
[WhiteElo "1904"]
[BlackElo "1751"]
[Opening "Sicilian: Najdorf, Opocensky variation"]
[ECO "B92"]
[Time "08:02:37"]
[TimeControl "2700+45"]

1. e4 c5 2. Nf3 d6 3. d4 cxd4 4. Nxd4 Nf6 5. Nc3 a6 6. Be2 e5 7. Nb3 Be7 8. a4
Be6 9. a5 Nc6 10. Be3 Bxb3 11. Bb6 Bxc2 12. Qxc2 Qd7 13. O-O Rc8 14. Rfd1 Qe6
15. Nd5 Nd4 16. Qa4+ Kf8 17. Bxd4 exd4 18. Nxe7 Kxe7 19. Rxd4 Rc7 20. Rad1 Rhc8
21. Rxd6 Qxe4 22. Rd7+ Kf8 23. Rd8+ Rxd8 24. Rxd8+ Ke7 25. Re8+ {Black resigns}
1-0

[Event "Team 45 45 League T39"]
[Site "Internet Chess Club"]
[Date "2008.11.17"]
[Round "4"]
[White "shakkiipe"]
[Black "ShanghaiTom"]
[Result "1-0"]
[WhiteElo "1770"]
[BlackElo "1742"]
[Opening "Old Benoni defense"]
[ECO "A43"]
[Time "06:34:54"]
[TimeControl "2700+45"]

1. d4 c5 2. e3 Nf6 3. c4 g6 4. d5 b5 5. cxb5 a6 6. bxa6 Bxa6 7. Bxa6 Nxa6 8. Nc3
Bg7 9. Nge2 O-O 10. O-O e6 11. dxe6 fxe6 12. a3 d5 13. Rb1 Qd7 14. h3 Rfb8 15.
Re1 Rb7 16. g4 Rab8 17. Qc2 Ne8 18. Rd1 Nd6 19. b3 Nf7 20. f4 Nd6 21. Rd2 Nc7
22. Rd1 Qc6 23. Na4 c4 24. b4 Ra7 25. Nc5 Ne4 26. Nd4 Bxd4 27. exd4 Nb5 28. Ra1
Nec3 29. Re1 Re8 30. a4 Nxa4 31. Rxa4 Rxa4 32. Qxa4 Ra8 33. Qd1 Nc3 34. Qd2 Ne4
35. Nxe4 dxe4 36. Qc2 e3 37. Rxe3 Rb8 38. Qe2 Qd6 39. Qxc4 {Black resigns} 1-0

[Event "Team 45 45 League T39"]
[Site "Internet Chess Club"]
[Date "2008.11.16"]
[Round "4"]
[White "BraafPaard"]
[Black "Beancounter"]
[Result "1-0"]
[WhiteElo "1591"]
[BlackElo "1700"]
[Opening "Sicilian: Scheveningen (Paulsen), classical variation"]
[ECO "B84"]
[Time "11:00:45"]
[TimeControl "2700+45"]

1. e4 c5 2. Nf3 d6 3. d4 cxd4 4. Nxd4 Nf6 5. Nc3 a6 6. Be2 e6 7. O-O Be7 8. a4
O-O 9. f4 Qc7 10. Bf3 Nc6 11. Nxc6 bxc6 12. Qe1 Nd7 13. Kh1 Bf6 14. a5 Bb7 15.
Be3 Rac8 16. Na4 d5 17. e5 Be7 18. Nb6 Nxb6 19. Bxb6 Qb8 20. Bg4 c5 21. c3 Bc6
22. Be2 Bb5 23. Bxb5 axb5 24. Qe2 c4 25. Qe3 Rc6 26. Bd4 Qa8 27. Ra2 Ra6 28.
Rfa1 b4 29. Bc5 Bxc5 30. Qxc5 bxc3 31. bxc3 Rc8 32. Qf2 g6 33. Ra4 Rb8 34. Rb4
Rc8 35. Rb5 Kf8 36. h4 h5 37. Kh2 Ke7 38. Qd4 Kd7 39. Ra2 Rc7 40. Kh3 Rca7 41.
Qc5 Qc6 42. g4 Qxc5 43. Rxc5 hxg4+ 44. Kxg4 Rb7 45. Rc2 Rb3 46. Kg5 Rc6 47. Rxc6
Kxc6 48. Kf6 Rb7 49. Kg5 Ra7 50. Ra2 Kc5 51. a6 d4 52. Ra5+ Kb6 53. Ra4 dxc3 54.
Rxc4 Rc7 55. a7 Rxa7 56. Rxc3 Rd7 57. Rc4 Kb7 58. h5 gxh5 59. Kxh5 Rd2 60. Kg5
Rd7 61. Kf6 Kb8 62. Rb4+ Kc7 63. Ra4 Kb8 64. Ra3 Kb7 65. Rh3 Rd4 66. Rh4 Kc6 67.
Kxf7 Kd5 68. Ke7 Rc4 69. Kf6 Re4 70. Kg5 Re2 71. Rg4 Kc6 72. Rg3 Kd7 73. Ra3 Kc6
74. Ra7 Kd5 75. Rd7+ Ke4 76. Re7 Rf2 77. Rxe6 Rxf4 78. Rf6 {Black resigns} 1-0